 Dungeon Crawl Stone Soup version 0.16.2-12-gd0ad4c3 (webtiles) character file.

5065 Kira the Thaumaturge (level 10, -4/46 HPs)
             Began as a Spriggan Enchanter on Oct 19, 2015.
             Was an Elder of Sif Muna.
             Splashed by an oklob plant's acid (16 damage)
             ... on level 10 of the Dungeon.
             The game lasted 01:10:44 (9958 turns).

Kira the Thaumaturge (Spriggan Enchanter)           Turns: 9958, Time: 01:10:44

Health: -4/46      AC: -7    Str:  4    XL:     10   Next: 31%
Magic:  17/32      EV: 23    Int: 21    God:    Sif Muna [****..]
Gold:   416        SH:  0    Dex: 16    Spells: 3 memorised, 24 levels left

rFire  . . .     SeeInvis +     G - +0 dagger (drain)
rCold  . . .     Clarity  .     y - +0 robe (curse)
rNeg   + . .     SustAb   .     (shield restricted)
rPois  .         Gourm    +     (helmet restricted)
rElec  .         Spirit   .     o - +0 cloak
rCorr  .         Warding  .     (gloves unavailable)
rMut   .         Stasis   .     (boots unavailable)
MR     ++...                    v - amulet of the gourmand
Stlth  +++++.....               K - ring of positive energy
                                r - ring of protection from magic

@: corroded equipment, very quick, very resistant to hostile enchantments, quite
stealthy
A: unfitting armour, see invisible, herbivore 3, speed 3, slow metabolism 2
a: Channel Energy, Forget Spell, Renounce Religion


You were on level 10 of the Dungeon.
You worshipped Sif Muna.
Sif Muna was greatly pleased with you.
You were full.

You visited 2 branches of the dungeon, and saw 11 of its levels.

You collected 476 gold pieces.
You spent 60 gold pieces at shops.

Inventory:

Hand weapons
 a - a +1 dagger
 G - a +0 dagger of draining (weapon)
Armour
 b - a +1 robe
 o - a +0 cloak (worn)
 y - a cursed +0 robe (worn)
Magical staves
 S - an uncursed staff of energy
Jewellery
 r - a ring of protection from magic (left hand)
 v - an amulet of the gourmand (around neck)
 K - a ring of positive energy (right hand)
Magical devices
 p - a wand of random effects (8)
 E - a wand of random effects (22)
 J - a wand of magic darts (23)
 T - a wand of frost (26)
Scrolls
 e - 10 scrolls of identify
 f - 3 scrolls of noise {unknown}
 g - 5 scrolls of magic mapping {unknown}
 h - 2 scrolls of recharging {unknown}
 i - 7 scrolls of teleportation {unknown}
 k - a scroll of amnesia {unknown}
 m - 2 scrolls of random uselessness {unknown}
 s - 2 scrolls of remove curse {unknown}
 u - a scroll of blinking {unknown}
 w - 4 scrolls of enchant weapon {unknown}
 D - a scroll of fear
 I - a scroll of torment {unknown}
 Q - a scroll of acquirement {unknown}
 U - a scroll of fog {unknown}
Potions
 j - 5 potions of heal wounds {unknown}
 l - 7 potions of curing {unknown}
 n - a potion of decay {unknown}
 t - 4 potions of magic {unknown}
 x - a potion of might {unknown}
 z - a potion of resistance
 A - a potion of degeneration {unknown}
 B - 2 potions of brilliance {unknown}
 F - a potion of berserk rage {unknown}
 L - a potion of restore abilities {unknown}
 N - 3 potions of haste {unknown}
 R - a potion of poison {unknown}
Books
 c - a book of Maledictions

   Spells                             Type                      Level
   a - Corona                         Hexes                        1
   b - Sure Blade                     Hexes/Charms                 2
   c - Ensorcelled Hibernation        Hexes/Ice                    2
   d - Confuse                        Hexes                        3
   e - Dazzling Spray                 Conjuration/Hexes            3
   f - Enslavement                    Hexes                        4
 C - a book of Transfigurations

   Spells                             Type                      Level
   a - Stoneskin                      Transmutation/Earth          2
   b - Irradiate                      Conjuration/Transmutation    5
   c - Statue Form                    Transmutation/Earth          6
   d - Hydra Form                     Transmutation                6
   e - Dragon Form                    Transmutation                7
 H - a book of Ice

   Spells                             Type                      Level
   a - Ice Form                       Ice/Transmutation            4
   b - Metabolic Englaciation         Hexes/Ice                    5
   c - Ozocubu's Refrigeration        Ice                          6
   d - Bolt of Cold                   Conjuration/Ice              6
   e - Freezing Cloud                 Conjuration/Ice/Air          6
   f - Simulacrum                     Ice/Necromancy               6
 M - a book of the Dragon

   Spells                             Type                      Level
   a - Flight                         Charms/Air                   3
   b - Cause Fear                     Hexes                        4
   c - Bolt of Fire                   Conjuration/Fire             6
   d - Dragon Form                    Transmutation                7
   e - Dragon's Call                  Summoning                    9
 P - a book of Conjurations

   Spells                             Type                      Level
   a - Magic Dart                     Conjuration                  1
   b - Searing Ray                    Conjuration                  2
   c - Dazzling Spray                 Conjuration/Hexes            3
   d - Fulminant Prism                Conjuration/Hexes            4
   e - Iskenderun's Mystic Blast      Conjuration                  4
   f - Iskenderun's Battlesphere      Conjuration/Charms           5
Comestibles
 d - 3 bread rations
 q - 4 fruits
 O - a royal jelly


   Skills:
 + Level 2.0 Fighting
 + Level 3.7 Short Blades
 + Level 8.4 Dodging
 - Level 10.2 Stealth
 + Level 10.9 Spellcasting
 + Level 10.4 Hexes
 + Level 1.3 Evocations


You had 24 spell levels left.
You knew the following spells:

 Your Spells              Type           Power        Failure   Level  Hunger
a - Corona                Hex            ######.      1%          1    None
b - Ensorcelled Hibernat  Hex/Ice        ####..       1%          2    None
c - Confuse               Hex            ######..     1%          3    None


Dungeon Overview and Level Annotations

Branches:
Dungeon (10/15)            Temple (1/1) D:4            Lair (0/8) D:10
    Orc: D:9-12

Altars:
Ashenzari
Cheibriados
Dithmenos
Elyvilon
Fedhas
Gozag
Kikubaaqudgha
Makhleb
Nemelex Xobeh
Okawaru
Qazlal
Ru
Sif Muna
Trog
Vehumet
Xom
Yredelemnul
Zin
The Shining One
Lugonu

Shops:
D:5 *

Annotations:
D:5 Kira's ghost, experienced SpEn
D:10 exclusion: oklob plant


Innate Abilities, Weirdness & Mutations

You are tiny and cannot use many weapons and most armour.
You have supernaturally acute eyesight.
You are a herbivore.
You cover ground extremely quickly.
You need consume almost no food.


Message History

Aiming: Confuse
Press: ? - help, Shift-Dir - straight line, f/p - oklob plant
Aim: an oklob plant (chance 57%)
The oklob plant is unaffected.
You hit the oklob plant but do no damage.
You hit the oklob plant.
The oklob plant is lightly damaged.
You hit the oklob plant but do no damage.
The oklob plant is lightly damaged.
You hit the oklob plant but do no damage.
The oklob plant is lightly damaged.
You hit the oklob plant.
The oklob plant is lightly damaged.
The oklob plant spits acid at you. The splash of acid hits you!
The acid corrodes your equipment!
The acid burns!
The oklob plant spits acid at you. The splash of acid hits you!
* * * LOW HITPOINT WARNING * * *
The acid corrodes your equipment!
The acid burns!
You die...

...#.# . . ..#.# .#.#
..... ...... #####.#.#
#......
#.....#.###.......
#.....#..........
#........$........ .
#.....##....#######...
#.....##...#.@.....#
#.....##.?...#...#....
#.....##....##.P.#
#....###..#...PPPP..
#....# #..#...P>PP..#
####....#
#$.#...PPPP..#
........#
#....##..P##..
)...<...# #.....#...#
. ........# ..#......


You could see an oklob plant.

Vanquished Creatures
  The ghost of Kulrik the Fighter, an experienced MiMo of Makhleb (D:9)
  A troll (D:9)
  Grinder (D:4)
  A deep elf mage (D:9)
  3 steam dragons
  4 orc warriors
  2 sky beasts (D:8)
  3 ice beasts
  A phantom (D:8)
  A necrophage (D:9)
  2 centaurs
  5 ogres
  Duvessa (D:6)
  2 big kobolds
  A wyvern zombie (D:8)
  3 scorpions
  5 killer bees (D:8)
  4 crimson imps
  4 hounds
  A giant frog zombie (D:6)
  Dowan (D:6)
  5 orc priests
  3 jellies
  3 worker ants
  A centaur skeleton (D:9)
  7 orc wizards
  Natasha (thrice) (D:5)
  A killer bee zombie (D:5)
  A worker ant zombie (D:6)
  7 adders
  5 gnolls
  4 worms
  A shadow imp (D:6)
  An adder skeleton (D:4)
  6 giant geckos
  38 orcs
  2 ball pythons
  6 giant cockroaches
  14 goblins
  18 hobgoblins
  5 jackals
  20 kobolds
  2 quokkas
  14 bats
  3 giant newts
  A jackal skeleton (D:4)
  51 rats
  A ballistomycete (D:9)
270 creatures vanquished.

Vanquished Creatures (others)
  A giant spore (D:9)
  A rat (D:9)
  10 fungi (D:6)
12 creatures vanquished.

Grand Total: 282 creatures vanquished

Notes
Turn   | Place    | Note
--------------------------------------------------------------
     0 | D:1      | Kira, the Spriggan Enchanter, began the quest for the Orb.
     0 | D:1      | Reached XP level 1. HP: 9/9 MP: 4/4
   274 | D:1      | Reached XP level 2. HP: 8/13 MP: 3/7
   278 | D:1      | Learned a level 2 spell: Ensorcelled Hibernation
   359 | D:1      | Reached skill level 5 in Stealth
   775 | D:1      | Reached XP level 3. HP: 14/17 MP: 5/9
  1368 | D:2      | Reached skill level 6 in Stealth
  1407 | D:2      | Reached XP level 4. HP: 11/21 MP: 13/13
  1604 | D:2      | Found a deep blue altar of Sif Muna.
  1605 | D:2      | Found a snail-covered altar of Cheibriados.
  1605 | D:2      | Found a bloodstained altar of Trog.
  1617 | D:2      | Found a shattered altar of Ashenzari.
  1697 | D:3      | Found a sparkling altar of Nemelex Xobeh.
  1942 | D:2      | Became a worshipper of Sif Muna the Loreminder
  2399 | D:4      | Found a basalt altar of Yredelemnul.
  2400 | D:4      | Noticed a profane servitor
  3125 | D:4      | Found a staircase to the Ecumenical Temple.
  3178 | D:4      | Reached skill level 7 in Stealth
  3178 | D:4      | Reached XP level 5. HP: 25/25 MP: 10/16
  3290 | D:4      | Noticed Grinder
  3339 | D:4      | Killed Grinder
  3339 | D:4      | Reached skill level 8 in Stealth
  3339 | D:4      | Reached skill level 5 in Hexes
  3339 | D:4      | Reached XP level 6. HP: 17/29 MP: 11/20
  3439 | D:4      | Reached skill level 1 in Fighting
  3698 | D:4      | Found a glowing silver altar of Zin.
  3723 | D:3      | Reached skill level 5 in Spellcasting
  3723 | D:3      | Reached XP level 7. HP: 11/33 MP: 12/22
  4042 | D:4      | Found a glowing golden altar of the Shining One.
  4043 | D:4      | Noticed an angel
  4241 | Temple   | Entered the Ecumenical Temple
  4300 | D:5      | Entered Level 5 of the Dungeon
  4407 | D:5      | Noticed Kira's ghost (experienced SpEn)
  4622 | D:5      | Reached skill level 9 in Stealth
  4939 | D:5      | Noticed Natasha
  4947 | D:5      | Killed Natasha
  4995 | D:5      | Reached skill level 10 in Stealth
  5001 | D:5      | Reached skill level 5 in Dodging
  5194 | D:5      | Reached XP level 8. HP: 37/37 MP: 21/24
  5269 | D:5      | Noticed Natasha
  5276 | D:5      | Killed Natasha
  5276 | D:5      | Acquired Sif Muna's first power
  5686 | D:4      | Learned a level 3 spell: Confuse
  5735 | D:5      | Found a bloodstained altar of Trog.
  5781 | D:5      | Found Eluxaunu's General Store.
  5786 | D:5      | Bought a scroll of identify for 22 gold pieces
  5786 | D:5      | Bought a scroll of fear for 38 gold pieces
  5816 | D:6      | Reached skill level 1 in Evocations
  6216 | D:5      | Noticed Natasha
  6221 | D:5      | Killed Natasha
  6514 | D:6      | Noticed Dowan
  6516 | D:6      | Noticed Duvessa
  6517 | D:6      | Killed Dowan
  6563 | D:6      | Killed Duvessa
  6813 | D:6      | Found a shadowy altar of Dithmenos.
  7379 | D:7      | Found a sacrificial altar of Ru.
  7432 | D:7      | Reached XP level 9. HP: 35/42 MP: 16/28
  7789 | D:7      | Acquired Sif Muna's second power
  8819 | D:9      | Reached skill level 10 in Spellcasting
  8844 | D:9      | Found a deep blue altar of Sif Muna.
  9108 | D:9      | Noticed Kulrik's ghost (experienced MiMo)
  9132 | D:9      | Killed Kulrik's ghost
  9132 | D:9      | Reached skill level 10 in Hexes
  9132 | D:9      | Reached XP level 10. HP: 36/46 MP: 24/31
  9209 | D:9      | Found a blossoming altar of Fedhas.
  9501 | D:9      | Acquired Sif Muna's third power
  9926 | D:10     | Entered Level 10 of the Dungeon
  9940 | D:10     | Noticed an oklob plant
  9945 | D:10     | Found a staircase to the Lair.
  9958 | D:10     | Splashed by an oklob plant's acid

Action                   |  1- 3 |  4- 6 |  7- 9 | 10-12 || total
-------------------------+-------+-------+-------+-------++-------
Melee: Dagger            |   173 |   117 |   363 |    58 ||   711
 Cast: Corona            |     4 |     6 |     3 |       ||    13
       Ensorcelled Hiber |    27 |    61 |   154 |    19 ||   261
       Confuse           |       |       |    15 |     8 ||    23
Evoke: Wand              |       |       |     3 |       ||     3
 Stab: Sleeping          |    34 |    34 |   113 |     9 ||   190
       Confused          |       |       |    13 |     3 ||    16
       Distracted        |       |       |       |     1 ||     1
  Eat: Pizza             |       |     2 |       |       ||     2
       Bread ration      |       |     1 |       |     1 ||     2
